[ AOE2 MATCH · #505643634 ]
UnrankedFranks vs Romans
Player's team · WIN
Rival team · LOSS
[ REPLAY ANALYSIS · EXTRACTED FROM THE RECORDED GAME ]
Feudal
9:08
Castle
24:33
Imperial
—
| APM avg | 49.5 |
| APM peak | 82 |
| eAPM avg | 27.6 |
| Villagers / military | 56 / 33 |
Focus
⚔️ 30.9% · 🌾 69.1%
Knight ×14 · Archer ×11 · Battering Ram ×5 · Spearman ×3
Feudal
9:38
Castle
27:30
Imperial
—
| APM avg | 23.0 |
| APM peak | 52 |
| eAPM avg | 14.7 |
| Villagers / military | 62 / 33 |
Focus
⚔️ 30.1% · 🌾 69.9%
Militia ×23 · Archer ×5 · Spearman ×3 · Skirmisher ×2
Match map
Initial resources + every placement click. Lines = walls · curves = elevation contours. ◆ gold · ⬟ stone · ● berries · ✦ relic · ◌ wall gap
Your base· ✓ Closed at 24:33 · 51t walls · no gate
南港棒棒's base· Open — opponent sealed themselves in
Smoothed initial terrain · ◌ = detected wall gap · hover for details
Inputs per minute
— HK | Foko_89 - - 南港棒棒
Build order — HK | Foko_89
First 150 of 187 actions detected
| 0:00 | Queue | Villager (Male) |
| 0:01 | Queue | Villager (Male) |
| 0:01 | Queue | Villager (Male) |
| 0:03 | Build | House |
| 0:05 | Build | House |
| 0:27 | Queue | Villager (Male) |
| 1:33 | Queue | Villager (Male) |
| 1:34 | Queue | Villager (Male) |
| 1:51 | Build | Lumber Camp |
| 2:06 | Queue | Villager (Male) |
| 2:06 | Queue | Villager (Male) |
| 2:23 | Queue | Villager (Male) |
| 2:58 | Queue | Villager (Male) |
| 2:59 | Queue | Villager (Male) |
| 3:19 | Queue | Villager (Male) |
| 3:20 | Queue | Villager (Male) |
| 3:31 | Build | House |
| 3:33 | Build | House |
| 3:57 | Queue | Villager (Male) |
| 3:57 | Queue | Villager (Male) |
| 3:57 | Queue | Villager (Male) |
| 4:18 | Queue | Villager (Male) |
| 4:18 | Queue | Villager (Male) |
| 5:02 | Queue | Villager (Male) |
| 5:02 | Queue | Villager (Male) |
| 5:05 | Build | Mill |
| 5:37 | Queue | Villager (Male) |
| 5:42 | Research | Loom |
| 6:58 | Research | Feudal Age |
| 6:58 | Research | Feudal Age |
| 7:20 | Build | Palisade Wall |
| 7:23 | Build | Palisade Wall |
| 7:46 | Build | Barracks |
| 8:02 | Build | Palisade Wall |
| 8:53 | Build | House |
| 9:08 | Age | Feudal Age |
| 9:12 | Research | Double-Bit Axe |
| 9:13 | Queue | Villager (Male) |
| 9:20 | Queue | Spearman |
| 9:33 | Build | Mining Camp |
| 9:36 | Queue | Villager (Male) |
| 9:44 | Build | Blacksmith |
| 9:48 | Queue | Villager (Male) |
| 10:04 | Queue | Spearman |
| 10:20 | Queue | Villager (Male) |
| 10:23 | Build | Palisade Wall |
| 10:24 | Build | Palisade Wall |
| 10:38 | Build | Palisade Wall |
| 10:40 | Build | Palisade Wall |
| 10:48 | Build | Palisade Wall |
| 10:51 | Queue | Villager (Male) |
| 10:58 | Build | House |
| 11:00 | Build | House |
| 11:01 | Research | Fletching |
| 11:02 | Research | Fletching |
| 11:07 | Queue | Spearman |
| 11:35 | Build | Watch Tower |
| 11:44 | Queue | Villager (Male) |
| 11:47 | Build | Farm |
| 12:12 | Build | Watch Tower |
| 12:20 | Queue | Villager (Male) |
| 12:22 | Build | Farm |
| 12:23 | Build | Farm |
| 12:29 | Build | Palisade Wall |
| 12:37 | Queue | Villager (Male) |
| 13:06 | Queue | Villager (Male) |
| 13:28 | Queue | Villager (Male) |
| 13:47 | Build | Watch Tower |
| 13:50 | Queue | Villager (Male) |
| 13:55 | Build | Farm |
| 14:00 | Build | Archery Range |
| 14:25 | Queue | Villager (Male) |
| 14:31 | Build | Mining Camp |
| 14:50 | Queue | Villager (Male) |
| 14:55 | Build | Farm |
| 14:59 | Queue | Archer |
| 15:00 | Queue | Archer |
| 15:39 | Build | Watch Tower |
| 15:50 | Queue | Villager (Male) |
| 15:52 | Queue | Archer |
| 15:54 | Queue | Archer |
| 15:57 | Build | Farm |
| 16:59 | Build | Palisade Wall |
| 17:00 | Build | Palisade Wall |
| 17:02 | Build | Palisade Wall |
| 17:10 | Queue | Villager (Male) |
| 17:13 | Build | Farm |
| 17:14 | Build | Farm |
| 17:15 | Queue | Archer |
| 17:15 | Queue | Archer |
| 17:19 | Build | Palisade Wall |
| 17:21 | Build | Palisade Wall |
| 18:04 | Queue | Villager (Male) |
| 18:27 | Queue | Villager (Male) |
| 18:29 | Build | Farm |
| 18:31 | Build | Farm |
| 18:33 | Build | Farm |
| 18:51 | Build | Watch Tower |
| 18:54 | Queue | Villager (Male) |
| 19:07 | Queue | Villager (Male) |
| 19:14 | Queue | Archer |
| 19:15 | Queue | Archer |
| 19:31 | Build | Watch Tower |
| 19:37 | Build | House |
| 19:44 | Build | House |
| 19:46 | Build | House |
| 19:48 | Build | House |
| 19:50 | Build | Farm |
| 19:55 | Build | Farm |
| 19:57 | Build | Farm |
| 20:31 | Build | Outpost |
| 20:38 | Research | Town Watch |
| 20:38 | Research | Town Watch |
| 20:41 | Build | Lumber Camp |
| 20:49 | Build | Outpost |
| 20:56 | Queue | Villager (Male) |
| 20:59 | Build | Farm |
| 21:03 | Build | Farm |
| 21:04 | Queue | Villager (Male) |
| 21:19 | Build | Outpost |
| 21:52 | Research | Castle Age |
| 22:16 | Build | Outpost |
| 22:19 | Queue | Archer |
| 22:19 | Queue | Archer |
| 22:20 | Queue | Archer |
| 22:40 | Build | Watch Tower |
| 22:45 | Research | Padded Archer Armor |
| 22:45 | Research | Padded Archer Armor |
| 22:59 | Build | Palisade Wall |
| 23:02 | Build | Palisade Wall |
| 23:03 | Build | Palisade Wall |
| 23:09 | Build | Palisade Wall |
| 23:11 | Build | Palisade Wall |
| 23:13 | Build | Palisade Wall |
| 23:14 | Build | Palisade Wall |
| 23:30 | Research | Wheelbarrow |
| 23:33 | Build | Palisade Wall |
| 23:42 | Research | Forging |
| 23:42 | Research | Forging |
| 23:59 | Build | Stable |
| 24:33 | Build | House |
| 24:33 | Age | Castle Age |
| 24:36 | Research | Scale Barding Armor |
| 24:40 | Queue | Knight |
| 24:40 | Queue | Knight |
| 24:45 | Build | Siege Workshop |
| 25:10 | Build | Palisade Wall |
| 25:11 | Build | Palisade Wall |
| 25:19 | Research | Bodkin Arrow |
| 25:19 | Research | Bodkin Arrow |
Build order — 南港棒棒
First 150 of 176 actions detected
| 0:01 | Queue | Villager (Male) |
| 0:01 | Queue | Villager (Male) |
| 0:01 | Queue | Villager (Male) |
| 0:02 | Build | House |
| 0:04 | Build | House |
| 0:13 | Queue | Villager (Male) |
| 0:13 | Queue | Villager (Male) |
| 1:26 | Queue | Villager (Male) |
| 1:27 | Queue | Villager (Male) |
| 2:06 | Queue | Villager (Male) |
| 2:06 | Queue | Villager (Male) |
| 2:12 | Build | Lumber Camp |
| 2:22 | Queue | Villager (Male) |
| 2:22 | Queue | Villager (Male) |
| 2:48 | Queue | Villager (Male) |
| 2:48 | Queue | Villager (Male) |
| 3:14 | Queue | Villager (Male) |
| 3:14 | Queue | Villager (Male) |
| 4:16 | Queue | Villager (Male) |
| 4:16 | Queue | Villager (Male) |
| 4:38 | Build | House |
| 4:40 | Research | Loom |
| 4:56 | Queue | Villager (Male) |
| 4:56 | Queue | Villager (Male) |
| 5:34 | Queue | Villager (Male) |
| 5:59 | Build | Mill |
| 6:05 | Queue | Villager (Male) |
| 6:05 | Queue | Villager (Male) |
| 6:06 | Queue | Villager (Male) |
| 6:54 | Build | House |
| 7:28 | Research | Feudal Age |
| 7:46 | Build | Mining Camp |
| 8:19 | Queue | Villager (Male) |
| 8:51 | Build | Barracks |
| 9:00 | Build | Palisade Wall |
| 9:05 | Build | Palisade Wall |
| 9:26 | Queue | Villager (Male) |
| 9:32 | Build | Mill |
| 9:34 | Queue | Militia |
| 9:34 | Queue | Militia |
| 9:38 | Age | Feudal Age |
| 9:46 | Build | Farm |
| 9:51 | Research | Double-Bit Axe |
| 10:03 | Build | House |
| 10:31 | Build | Farm |
| 10:34 | Queue | Villager (Male) |
| 10:45 | Queue | Militia |
| 10:54 | Queue | Villager (Male) |
| 11:09 | Build | Farm |
| 11:30 | Queue | Villager (Male) |
| 11:34 | Build | Farm |
| 11:35 | Queue | Villager (Male) |
| 11:51 | Research | Man-at-Arms (upgrade) |
| 11:57 | Build | Blacksmith |
| 12:12 | Build | Farm |
| 12:15 | Queue | Villager (Male) |
| 12:16 | Queue | Militia |
| 12:23 | Build | Farm |
| 12:32 | Build | House |
| 12:44 | Build | House |
| 12:47 | Queue | Villager (Male) |
| 12:48 | Queue | Villager (Male) |
| 13:09 | Queue | Villager (Male) |
| 13:09 | Queue | Villager (Male) |
| 13:20 | Build | Mining Camp |
| 13:25 | Queue | Villager (Male) |
| 13:26 | Queue | Villager (Male) |
| 13:32 | Build | Watch Tower |
| 13:55 | Queue | Villager (Male) |
| 14:18 | Queue | Villager (Male) |
| 14:26 | Queue | Villager (Male) |
| 14:26 | Queue | Villager (Male) |
| 14:37 | Build | Mining Camp |
| 14:48 | Build | Farm |
| 14:56 | Build | Farm |
| 14:57 | Queue | Villager (Male) |
| 15:10 | Build | Farm |
| 15:10 | Build | Farm |
| 15:12 | Build | Farm |
| 15:19 | Queue | Villager (Male) |
| 15:19 | Queue | Villager (Male) |
| 15:29 | Build | Farm |
| 15:34 | Queue | Militia |
| 15:35 | Queue | Militia |
| 15:51 | Build | Watch Tower |
| 15:57 | Queue | Militia |
| 15:59 | Build | Farm |
| 15:59 | Queue | Villager (Male) |
| 16:00 | Queue | Villager (Male) |
| 16:26 | Queue | Villager (Male) |
| 16:31 | Build | House |
| 17:08 | Queue | Villager (Male) |
| 17:08 | Queue | Villager (Male) |
| 17:13 | Build | Farm |
| 17:14 | Build | Farm |
| 17:23 | Research | Fletching |
| 17:29 | Queue | Villager (Male) |
| 17:59 | Build | Watch Tower |
| 18:06 | Queue | Villager (Male) |
| 18:06 | Queue | Villager (Male) |
| 18:10 | Build | Farm |
| 18:12 | Build | Mill |
| 18:29 | Research | Scale Mail Armor |
| 18:35 | Queue | Villager (Male) |
| 18:45 | Build | Farm |
| 18:48 | Queue | Militia |
| 18:49 | Queue | Militia |
| 18:49 | Queue | Militia |
| 18:49 | Queue | Militia |
| 19:18 | Build | House |
| 19:19 | Build | House |
| 19:42 | Research | Forging |
| 19:54 | Queue | Villager (Male) |
| 19:57 | Build | Farm |
| 19:59 | Build | Farm |
| 20:02 | Build | Farm |
| 20:04 | Queue | Villager (Male) |
| 20:13 | Build | Farm |
| 20:43 | Queue | Villager (Male) |
| 21:11 | Build | Lumber Camp |
| 21:42 | Queue | Villager (Male) |
| 21:42 | Queue | Villager (Male) |
| 21:43 | Queue | Villager (Male) |
| 22:23 | Build | Farm |
| 22:34 | Build | Mining Camp |
| 22:56 | Research | Wheelbarrow |
| 23:14 | Build | Archery Range |
| 23:24 | Research | Gold Mining |
| 23:30 | Research | Padded Archer Armor |
| 23:50 | Queue | Militia |
| 23:50 | Queue | Militia |
| 24:14 | Build | Stable |
| 24:20 | Research | Town Watch |
| 24:34 | Queue | Skirmisher |
| 24:35 | Queue | Skirmisher |
| 24:48 | Build | Watch Tower |
| 24:50 | Research | Castle Age |
| 25:13 | Queue | Militia |
| 25:13 | Queue | Militia |
| 25:14 | Queue | Militia |
| 25:21 | Build | House |
| 25:23 | Build | House |
| 25:33 | Build | Farm |
| 25:41 | Build | House |
| 25:59 | Queue | Militia |
| 25:59 | Queue | Militia |
| 26:16 | Build | House |
| 26:17 | Build | House |
| 26:48 | Build | Farm |
| 26:50 | Build | Farm |
Match timeline
| 7:20 | HK | Foko_89 · wall_segment Palisade Wall x1 |
| 7:23 | HK | Foko_89 · wall_segment Palisade Wall x8 |
| 7:46 | HK | Foko_89 · first_building Barracks |
| 8:02 | HK | Foko_89 · wall_segment Palisade Wall x1 |
| 8:51 | 南港棒棒 · first_building Barracks |
| 9:00 | 南港棒棒 · wall_segment Palisade Wall x1 |
| 9:05 | 南港棒棒 · wall_segment Palisade Wall x2 |
| 9:08 | HK | Foko_89 · age_up feudal |
| 9:38 | 南港棒棒 · age_up feudal |
| 10:23 | HK | Foko_89 · wall_segment Palisade Wall x1 |
| 10:24 | HK | Foko_89 · wall_segment Palisade Wall x1 |
| 10:38 | HK | Foko_89 · wall_segment Palisade Wall x1 |
| 10:40 | HK | Foko_89 · wall_segment Palisade Wall x1 |
| 10:48 | HK | Foko_89 · wall_segment Palisade Wall x12 |
| 12:29 | HK | Foko_89 · wall_segment Palisade Wall x13 |
| 14:00 | HK | Foko_89 · first_building Archery Range |
| 16:59 | HK | Foko_89 · wall_segment Palisade Wall x1 |
| 17:00 | HK | Foko_89 · wall_segment Palisade Wall x1 |
| 17:02 | HK | Foko_89 · wall_segment Palisade Wall x1 |
| 17:19 | HK | Foko_89 · wall_segment Palisade Wall x1 |
| 17:21 | HK | Foko_89 · wall_segment Palisade Wall x1 |
| 22:59 | HK | Foko_89 · wall_segment Palisade Wall x1 |
| 23:02 | HK | Foko_89 · wall_segment Palisade Wall x1 |
| 23:03 | HK | Foko_89 · wall_segment Palisade Wall x1 |
| 23:09 | HK | Foko_89 · wall_segment Palisade Wall x1 |
| 23:11 | HK | Foko_89 · wall_segment Palisade Wall x1 |
| 23:13 | HK | Foko_89 · wall_segment Palisade Wall x1 |
| 23:14 | 南港棒棒 · first_building Archery Range |
| 23:14 | HK | Foko_89 · wall_segment Palisade Wall x1 |
| 23:33 | HK | Foko_89 · wall_segment Palisade Wall x1 |
| 23:59 | HK | Foko_89 · first_building Stable |
| 24:14 | 南港棒棒 · first_building Stable |
| 24:33 | HK | Foko_89 · age_up castle |
| 24:45 | HK | Foko_89 · first_building Siege Workshop |
| 25:10 | HK | Foko_89 · wall_segment Palisade Wall x1 |
| 25:11 | HK | Foko_89 · wall_segment Palisade Wall x1 |
| 27:30 | 南港棒棒 · age_up castle |
| 27:49 | 南港棒棒 · first_building Castle |
| 31:20 | 南港棒棒 · resign |
[ AI ANALYSIS · 1 CREDIT ]
What really happened in this match?
Wolo.gg analyzes every decision: build order, eco, micro, common mistakes by bracket. Personalized analysis on WhatsApp or Discord in 30 seconds.
Civ guide
Franks
Perfil
HK | Foko_89